 Dungeon Crawl Stone Soup version 0.14.1-18-g0856e53 (webtiles) character file.

21366 Konstanin the Jinx (level 12, -1/63 HPs)
             Began as a Vine Stalker Enchanter on June 1, 2014.
             Was an Elder of Elyvilon.
             Slain by a wyvern (5 damage)
             ... on Level 4 of the Lair of Beasts on June 2, 2014.
             The game lasted 07:54:37 (18763 turns).

Konstanin the Jinx (Vine Stalker Enchanter)        Turns: 18763, Time: 07:54:37

HP  -1/63        AC 11     Str 12      XL: 12   Next: 78%
MP   0/29        EV 15     Int 18      God: Elyvilon [****..]
Gold 1020        SH  0     Dex 16      Spells:  9 memorised,  1 level left

rFire  . . .     SeeInvis +     l - +0,+1 dagger (speed)
rCold  . . .     Clarity  .     Y - +3 leather armour {rPois}
rNeg   . . .     Conserve +     (no shield)
rPois  +         rCorr    +     i - +1 hat {MR+}
rElec  .         rRot     +     A - +1 cloak {rCorr, Cons}
SustAb . .       Spirit   +     a - +0 pair of gloves
rMut   .         Warding  .     q - +0 pair of boots
Saprov . . .     Stasis   .     P - amulet of faith
MR     ++...                    J - ring of see invisible
                                u - ring of sustenance

@: protection, very resistant to hostile enchantments, very stealthy
A: fangs 3, regeneration 3, magic shield, antimagic bite, no device heal
a: Lesser Healing, Lesser Self-Healing, Divine Protection, Purification, Greater
Healing, Greater Self-Healing, Renounce Religion


You were on level 4 of the Lair of Beasts.
You worshipped Elyvilon.
Elyvilon was greatly pleased with you.
You were hungry.

You visited 3 branches of the dungeon, and saw 15 of its levels.
You also visited: Labyrinth and Ossuary.

You collected 1020 gold pieces.

Inventory:

Hand weapons
 l - a +0,+1 dagger of speed (weapon)
Missiles
 y - 3 darts of dispersal (quivered)
Armour
 a - a +0 pair of gloves (worn)
 i - a +1 hat of magic resistance (worn)
 q - a +0 pair of boots (worn)
 A - a +1 cloak of preservation (worn)
 Y - a +3 leather armour of poison resistance (worn)
Magical devices
 j - a wand of fire (0)
 r - a wand of cold (11)
 s - a wand of disintegration (9) {unknown}
 D - a wand of digging (18)
 M - a wand of polymorph (7)
 O - a wand of slowing (13)
 R - a wand of random effects (8) {unknown}
Comestibles
 b - 5 chokos
 f - 8 bread rations
 k - 3 meat rations
 E - 3 strawberries
 I - a pear
Scrolls
 e - 8 scrolls of remove curse
 h - a scroll of enchant weapon II
 n - 2 scrolls of magic mapping
 o - a scroll of noise {unknown}
 x - 6 scrolls of teleportation
 F - a scroll of fog {unknown}
 G - a scroll of amnesia
 K - a scroll of enchant weapon I {unknown}
 N - a scroll of vulnerability
 V - 3 scrolls of identify
Jewellery
 g - an uncursed ring of positive energy
 m - an uncursed ring of teleport control {unknown}
 p - a +2 ring of strength {unknown}
 u - a ring of sustenance (left hand)
 J - a ring of see invisible (right hand)
 P - an amulet of faith (around neck)
 W - an uncursed ring of sustain abilities
Potions
 w - 9 potions of curing
 z - a potion of agility {unknown}
 Q - a potion of might
 X - a potion of brilliance
 Z - a potion of flight {unknown}
Books
 c - a book of Debilitation

   Spells                             Type                      Level
   *Corona                            Hexes                        1
   *Slow                              Hexes                        2
   Inner Flame                        Hexes/Fire                   3
   *Enslavement                       Hexes                        4
   *Cause Fear                        Hexes                        4
   Leda's Liquefaction                Hexes/Earth                  4
 S - a book of Conjurations

   Spells                             Type                      Level
   Magic Dart                         Conjuration                  1
   Searing Ray                        Conjuration                  2
   *Dazzling Spray                    Conjuration/Hexes            3
   Fulminant Prism                    Conjuration/Hexes            4
   Iskenderun's Mystic Blast          Conjuration                  4
   Iskenderun's Battlesphere          Conjuration/Charms           5
Miscellaneous
 t - an ornate deck of dungeons
Rods
 d - a +0 rod of the swarm (14/14)
   (You took it off a centaur on level 10 of the Dungeon)


   Skills:
 * Level 7.1 Fighting
 * Level 7.4 Short Blades
 - Level 0.8 Throwing
 * Level 6.7 Dodging
 + Level 7.6 Stealth
 * Level 8.5 Spellcasting
 + Level 1.1 Conjurations
 * Level 8.6 Hexes
 - Level 4.8 Charms
   Level 1.1 Summonings
 + Level 5.5 Ice Magic
 + Level 5.4 Invocations


You had one spell level left.
You knew the following spells:

 Your Spells              Type           Power        Failure   Level  Hunger
a - Corona                Hex            #####..      1%          1    None
b - Ensorcelled Hibernat  Hex/Ice        ####..       1%          2    None
c - Sure Blade            Hex/Chrm       ####......   1%          2    None
d - Confuse               Hex            #####...     1%          3    #......
e - Enslavement           Hex            #####...     2%          4    ###....
f - Invisibility          Hex            #####...     45%         6    ######.
g - Cause Fear            Hex            #####.....   2%          4    ###....
h - Slow                  Hex            #####...     1%          2    None
i - Dazzling Spray        Conj/Hex       ####....     3%          3    #......


Dungeon Overview and Level Annotations

Branches:
Dungeon (10/15)            Temple (1/1) D:4             Orc (0/4) D:10
   Lair (4/8) D:9
  Swamp: Lair:3-6    Shoals: Lair:3-6     Snake: Lair:3-6    Spider: Lair:3-6

Altars:
Cheibriados
Dithmenos
Elyvilon
Fedhas
Kikubaaqudgha
Makhleb
Nemelex Xobeh
Okawaru
Sif Muna
Trog
Vehumet
Xom
Yredelemnul
Zin
The Shining One


Innate Abilities, Weirdness & Mutations

You are immune to rotting.
You have razor-sharp teeth.
You regenerate.
When hurt, damage is shared between your health and your magic reserves.
Your bite disrupts and absorbs the magic of your enemies.
Potions and wands cannot restore your HP.


Message History

Your +3 leather armour of poison resistance unmelds from your body.
You feel healthy.
You are feeling hungry.
The wyvern completely misses you.
Use which ability? (? or * to list)
You haven't enough magic at the moment.
Use which ability? (? or * to list)
Okay, then.
Use which ability? (? or * to list)
You beseech Elyvilon to protect your life.
The wyvern barely misses you. The wyvern completely misses you.
The wyvern completely misses you. The wyvern barely misses you.
The wyvern bites you.
* * * LOW HITPOINT WARNING * * *
The wyvern bites you! Elyvilon protects you from harm!
The wyvern bites you but does no damage.
The wyvern closely misses you. The wyvern barely misses you.
The wyvern bites you.
You die...

........## ###
#####ff..###.####
............%...##
%..###....f.##..f# ...#
####.####f%### ...#
#..##...%%## ...#
..###...#l.#### ...#
l### #.#..D....# ...#
Hl ##.#.@D....## ...#
lD #...........##
.###DlH ##...........f#
.# # ###............##
#.#.........#....#
#................#
##......>......#...#
#.............#...#
#####...PP.........#...


You could see a basilisk and 2 wyverns.

Vanquished Creatures
  Gastronok (D:8)
  A minotaur (Lab)
  Harold (Lair:3)
  3 hydras
  3 hill giants (D:10)
  A griffon (Lair:4)
  3 spiny frogs
  2 fire drakes (Lair:4)
  4 komodo dragons
  A centaur skeleton (D:10)
  A boulder beetle (Lair:4)
  A grizzly bear (Lair:2)
  3 basilisks
  2 shadows (Lab)
  A deep elf mage (D:10)
  A hungry ghost (D:8)
  2 sharks (Lair:3)
  A wyvern (Lair:4)
  8 hippogriffs
  Eustachio (D:8)
  A vampire mosquito (D:10)
  6 wolves
  Edmund (D:8)
  10 water moccasins
  An orc warrior (D:7)
  3 sky beasts
  2 porcupines
  A phantom (D:5)
  3 ice beasts
  2 boring beetles (D:9)
  2 black bears
  2 centaurs
  5 crocodiles
  7 ogres
  A yellow wasp (D:10)
  16 big kobolds
  A giant slug (Lair:3)
  4 giant frogs
  2 water moccasin zombies (Ossuary)
  3 scorpions
  A water moccasin skeleton (D:7)
  A hippogriff skeleton (D:10)
  4 killer bees (D:10)
  3 wights (D:10)
  2 crimson imps
  3 quasits
  3 goliath beetles
  A big fish (Lair:3)
  7 jellies
  5 hounds
  4 orc priests
  Crazy Yiuf (D:3)
  2 iron imps (D:8)
  3 orc wizards
  5 iguanas
  5 worker ants
  Ijyb (D:4)
  2 big kobold zombies (Ossuary)
  A hound zombie (D:5)
  A big kobold skeleton (D:10)
  Terence (D:3)
  A hound skeleton (D:9)
  2 mummies (Ossuary)
  A worker ant zombie (D:7)
  4 gnolls (D:4)
  12 adders
  A giant mite (D:2)
  2 shadow imps
  3 worms
  6 adder zombies (Ossuary)
  3 giant eyeballs
  An iguana skeleton (D:7)
  21 orcs
  2 ball pythons (D:1)
  3 giant cockroaches
  23 goblins
  11 hobgoblins
  6 quokkas
  19 bats
  2 giant geckos
  A giant newt (D:1)
  2 gnoll zombies (Ossuary)
  A goblin skeleton (D:5)
  A goblin zombie (D:4)
  A hobgoblin skeleton (D:5)
  8 hobgoblin zombies (Ossuary)
  34 kobolds
  6 kobold zombies (Ossuary)
  7 orc zombies
  16 rats
  6 ballistomycetes
376 creatures vanquished.

Vanquished Creatures (collateral kills)
  A shark (Lair:3)
  A wolf (Lair:1)
  2 water moccasins (Lair:1)
  2 killer bees (D:10)
6 creatures vanquished.

Vanquished Creatures (others)
  A wolf (Lair:1)
  A wyvern (Lair:4)
  A guardian golem (Lair:2)
  An air elemental (Lair:2)
  A hippogriff (Lair:4)
  A killer bee (D:10)
  A giant frog (D:10)
  A hound (D:6)
  5 green rats (Lair:4)
  An adder (D:6)
  An orc (D:9)
  3 jackals
  3 kobolds
  3 quokkas
  2 giant spores
  2 rats
  A butterfly (Lair:4)
  A fungus (Lair:4)
30 creatures vanquished.

Grand Total: 412 creatures vanquished

Notes
Turn   | Place    | Note
--------------------------------------------------------------
     0 | D:1      | Konstanin, the Vine Stalker Enchanter, began the quest for the Orb.
     0 | D:1      | Reached XP level 1. HP: 9/9 MP: 3/3
    31 | D:1      | Reached skill level 1 in Short Blades
   186 | D:1      | Reached XP level 2. HP: 14/14 MP: 4/6
   190 | D:1      | Learned a level 2 spell: Ensorcelled Hibernation
   205 | D:1      | Learned a level 2 spell: Sure Blade
   735 | D:1      | Reached XP level 3. HP: 17/17 MP: 5/7
  1004 | D:2      | Reached skill level 1 in Fighting
  1593 | D:2      | Reached XP level 4. HP: 20/22 MP: 7/9
  2124 | D:3      | Learned a level 3 spell: Confuse
  2202 | D:3      | Noticed Terence
  2210 | D:3      | Killed Terence
  2210 | D:3      | Reached XP level 5. HP: 25/25 MP: 13/13
  2616 | D:3      | Noticed Crazy Yiuf
  2625 | D:3      | Killed Crazy Yiuf
  2656 | D:3      | Identified a +1 cloak of preservation (You took it off Crazy Yiuf on level 3 of the Dungeon)
  2709 | D:4      | Reached skill level 4 in Hexes
  2826 | D:4      | Noticed Ijyb
  2851 | D:4      | Killed Ijyb
  2918 | D:4      | Found a staircase to the Ecumenical Temple.
  2928 | Temple   | Entered the Ecumenical Temple
  3021 | Temple   | Became a worshipper of Elyvilon the Healer
  3404 | D:4      | Gained mutation: You heal very quickly. [vine stalker growth]
  3404 | D:4      | Reached XP level 6. HP: 30/30 MP: 11/15
  3441 | D:4      | Found a sand-covered staircase.
  3451 | Ossuary  | Entered an ossuary
  3558 | Ossuary  | Reached skill level 1 in Ice Magic
  3748 | Ossuary  | Reached XP level 7. HP: 15/35 MP: 11/17
  3964 | D:4      | Noticed an ogre
  3975 | D:4      | Killed an ogre
  3975 | D:4      | Reached skill level 1 in Charms
  4031 | D:4      | Noticed an ice beast
  4047 | D:4      | Killed an ice beast
  4047 | D:4      | Reached skill level 5 in Hexes
  4100 | D:4      | Gained mutation: You have a pair of small horns on your head. [potion of beneficial mutation]
  4321 | D:5      | Entered Level 5 of the Dungeon
  4338 | D:5      | Reached skill level 1 in Invocations
  4455 | D:5      | Learned a level 4 spell: Enslavement
  4688 | D:5      | Gained mutation: You have razor-sharp teeth. [vine stalker growth]
  4688 | D:5      | Reached XP level 8. HP: 35/39 MP: 20/20
  5239 | D:5      | Acquired Elyvilon's first power
  6533 | D:6      | Found a burning altar of Makhleb.
  6640 | D:6      | Reached XP level 9. HP: 44/44 MP: 15/21
  7706 | D:7      | Reached skill level 6 in Hexes
  7787 | D:7      | Reached skill level 5 in Spellcasting
  8608 | D:7      | Learned a level 6 spell: Invisibility
  8696 | D:8      | Noticed Gastronok
  8719 | D:8      | Killed Gastronok
  8719 | D:8      | Reached skill level 5 in Short Blades
  8719 | D:8      | Reached skill level 5 in Stealth
  8719 | D:8      | Reached XP level 10. HP: 49/51 MP: 23/25
  9016 | D:8      | Noticed Eustachio
  9069 | D:8      | Killed Eustachio
  9277 | D:8      | Reached skill level 7 in Hexes
  9432 | D:8      | Noticed Edmund
  9530 | D:8      | Killed Edmund
 10345 | D:9      | Found a staircase to the Lair.
 10612 | D:9      | Reached skill level 5 in Dodging
 10833 | Lair:1   | Entered Level 1 of the Lair of Beasts
 10907 | Lair:1   | Acquired Elyvilon's second power
 10928 | Lair:1   | Reached skill level 5 in Fighting
 11028 | Lair:1   | Learned a level 4 spell: Summon Guardian Golem
 11081 | Lair:1   | Reached XP level 11. HP: 47/56 MP: 18/27
 11595 | Lair:1   | Upgraded the game from 0.14.1-11-gf908b15 to 0.14.1-18-g0856e53
 12281 | Lair:2   | Noticed a seven-headed hydra
 12322 | Lair:2   | Killed a seven-headed hydra
 12622 | Lair:2   | Reached skill level 1 in Summonings
 13091 | Lair:2   | Learned a level 2 spell: Slow
 13097 | Lair:2   | Learned a level 4 spell: Cause Fear
 13536 | Lair:3   | Noticed a five-headed hydra
 13562 | Lair:3   | Killed a five-headed hydra
 14254 | Lair:3   | Noticed Harold
 14568 | D:10     | Entered Level 10 of the Dungeon
 14815 | D:10     | Found a staircase to the Orcish Mines.
 15031 | D:10     | Noticed a hill giant
 15049 | D:10     | Killed a hill giant
 15068 | D:10     | Noticed a hill giant
 15081 | D:10     | Killed a hill giant
 15081 | D:10     | Reached skill level 5 in Ice Magic
 15416 | D:10     | Lost mutation: You have a pair of small horns on your head. [potion of cure mutation]
 15423 | D:10     | Noticed a hill giant
 15901 | D:10     | Killed a hill giant
 15901 | D:10     | Reached skill level 8 in Hexes
 15901 | D:10     | Gained mutation: You regenerate. [vine stalker growth]
 15901 | D:10     | Reached XP level 12. HP: 61/61 MP: 25/29
 16382 | Lair:3   | Killed Harold
 16514 | Lair:3   | Noticed a five-headed hydra
 16633 | Lair:3   | Killed a five-headed hydra
 16950 | Lair:4   | Learned a level 3 spell: Dazzling Spray
 17077 | Lair:4   | Found a labyrinth entrance.
 17085 | Lab      | Entered a labyrinth
 17864 | Lab      | Noticed a minotaur
 17892 | Lab      | Killed a minotaur
 17892 | Lab      | Reached skill level 5 in Invocations
 18315 | Lair:4   | Acquired Elyvilon's third power
 18547 | Lair:4   | Noticed an eight-headed hydra
 18655 | Lair:4   | Reached skill level 1 in Conjurations
 18748 | Lair:4   | HP: 3/94 [wyvern (7)]
 18760 | Lair:4   | HP: 2/63 [wyvern (4)]
 18761 | Lair:4   | Elyvilon protects you from harm!
 18763 | Lair:4   | Slain by a wyvern

Action                   |  1- 3 |  4- 6 |  7- 9 | 10-12 || total
-------------------------+-------+-------+-------+-------++-------
Melee: Dagger            |    91 |   294 |   354 |   626 ||  1365
Throw: Dart              |     4 |       |       |       ||     4
 Cast: Corona            |     2 |     3 |    17 |     2 ||    24
       Ensorcelled Hiber |     5 |    11 |    59 |   138 ||   213
       Sure Blade        |     2 |    11 |     6 |    19 ||    38
       Confuse           |       |     2 |    21 |    50 ||    73
       Enslavement       |       |       |       |    12 ||    12
       Summon Guardian G |       |       |       |     2 ||     2
       Slow              |       |       |       |     7 ||     7
       Cause Fear        |       |       |       |     1 ||     1
Invok: Lesser Healing    |       |     9 |    97 |   248 ||   354
       Lesser Self-Heali |       |       |     3 |       ||     3
       Divine Protection |       |       |       |     1 ||     1
Evoke: Wand              |       |       |     1 |    10 ||    11
       Fan of gales      |       |       |       |     1 ||     1
  Use: Scroll            |     4 |     5 |    14 |    23 ||    46
       Potion            |     2 |     2 |     6 |    11 ||    21
 Stab: Sleeping          |    11 |    17 |    21 |    72 ||   121
       Confused          |       |     1 |     7 |    30 ||    38
       Distracted        |       |     1 |       |       ||     1
       Fleeing           |       |       |     1 |     2 ||     3
       Invisible         |       |       |       |     1 ||     1
